 Dungeon Crawl Stone Soup version 0.31-a0-1074-g0b22e4e0f1 (webtiles) character file.

Game seed: 7973769108886245354

49 BigPumpCobain the Changeling (level 3, 0/27 HPs)
             Began as a Merfolk Shapeshifter on Dec 7, 2023.
             Slain by a gnoll
             ... wielding a +0 halberd
              (13 damage)
             ... on level 2 of the Dungeon.
             The game lasted 00:02:42 (1493 turns).

BigPumpCobain the Changeling (Merfolk Shapeshifter) Turns: 1493, Time: 00:02:42

Health: 0/27       AC:  2    Str: 22    XL:     3   Next: 77%
Magic:  3/3        EV: 13    Int:  9    God:
Gold:   87         SH:  0    Dex: 13    Spells: 2/2 levels left

rFire   . .          .
                       - Unarmed
rCold   . . .        (no shield)
rNeg    . . .        a - +0 animal skin
rPois   +            (helmet currently unavailable)
rElec   .            (cloak currently unavailable)
rCorr   .            (gloves currently unavailable)
SInv    .            (boots currently unavailable)
Will    .....        (no amulet)
Stlth   +            j - ring of poison resistance
HPRegen 0.24/turn    k - +6 ring of strength
MPRegen 0.08/turn

%: no passive effects
@: beast-form
A: beast (slay +2), (nimble swimmer 2), mertail
a: Begin Untransformation


You were on level 2 of the Dungeon.
You were a hulking beast.
You visited 1 branch of the dungeon, and saw 2 of its levels.

You collected 87 gold pieces.

Inventory:

Hand Weapons
 o - a +0 hand axe of venom
Armour
 a - a +0 animal skin (worn)
Jewellery
 j - a ring of poison resistance (left hand)
 k - a +6 ring of strength (right hand)
Talismans
 c - a beast talisman
 d - a flux talisman
Scrolls
 e - a scroll of identify {unknown}
 g - 2 scrolls of teleportation {unknown}
 h - a scroll of enchant armour {unknown}
 l - a scroll of fog {unknown}
 m - a scroll of noise {unknown}
 n - a scroll of butterflies {unknown}
Potions
 b - a potion of lignification
 f - a potion of attraction {unknown}
 i - a potion of magic {unknown}


   Skills:
 + Level 2.0 Fighting
 + Level 3.3 Dodging
 + Level 3.7 Unarmed Combat
 * Level 4.8 Shapeshifting


You had 2 spell levels left.
You didn't know any spells.
Your spell library contained the following spells:

 Spells                   Type           Power      Damage    Failure   Level
 Summon Small Mammal      Summ           0%         N/A       38%         1
 Ensorcelled Hibernation  Hex/Ice        0%         N/A       52%         2
 Jinxbite                 Hex            0%         N/A       52%         2
 Call Canine Familiar     Summ           0%         N/A       77%         3
 Ozocubu's Armour         Ice            0%         N/A       77%         3
 Summon Guardian Golem    Hex/Summ       0%         N/A       77%         3
 Anguish                  Hex/Necr       0%         N/A       99%         4
 Metabolic Englaciation   Hex/Ice        0%         N/A       100%        5
 Simulacrum               Ice/Necr       0%         N/A       100%        6


Dungeon Overview and Level Annotations

Branches:
Dungeon (2/15)

Altars:

Shops:
D:1 ?


Innate Abilities, Weirdness & Mutations

You are a hulking beast.
Your limbs bulge with bestial killing power. (Slay +2)
((You are very nimble when in or above water. (Stealth+, EV+, Speed+++)))
Your lower body shifts to a powerful aquatic tail in water.


Message History

Okay, then.
You throw a throwing net. The throwing net hits the gnoll.
The gnoll is caught in the net!
The gnoll struggles against the net.
The gnoll shouts!
You hear a shout!
The gnoll struggles against the net.
The gnoll struggles against the net.
The gnoll struggles against the net.
The gnoll struggles against the net.
The gnoll closely misses you.
The gnoll struggles against the net.
The net rips apart, and the gnoll comes free!
You hit the gnoll.
The gnoll is lightly wounded.
The gnoll hits you from afar with a +0 halberd.
The gnoll misses you.
You barely miss the gnoll.
The gnoll is lightly wounded.
The gnoll closely misses you. The gnoll barely misses you.
You hit the gnoll but do no damage.
The gnoll is lightly wounded.
The gnoll barely misses you.
You closely miss the gnoll.
The gnoll is lightly wounded.
The gnoll hits you with a +0 spear. The gnoll misses you.
You hit the gnoll. Your punch misses the gnoll.
The gnoll is moderately wounded.
The gnoll closely misses you. x2
You punch the gnoll!
The gnoll is almost dead.
The gnoll hits you with a +0 spear. The gnoll misses you.
You closely miss the gnoll.
The gnoll is almost dead.
The gnoll barely misses you.
The gnoll hits you from afar with a +0 halberd.
You completely miss the gnoll.
The gnoll is almost dead.
The gnoll hits you with a +0 spear. The gnoll closely misses you.
You punch the gnoll!
You kill the gnoll!
The gnoll hits you from afar with a +0 halberd!
You die...

#.##.##.## ##.## #.# # #.##.....#
#.# #.# # #....)...# #.# #.# ####
########.# ##'## #.# ##.##
#####.#######...## #.# #.#.##
#....g....##.....## #.. ...#.#
#.##.g###.#.......## ##.
#...#####.#...###..........####..
.............gg)h..........'.....
##.######.<...###..........####..
##.# #.........#.......## ##.
.#.# ##.#########.....## ##. .#.#
#.# ##...## #.# .#.# #.# ##'##
#.# ...# #.# #.# #.# .### #.#
########.# ##. .# #.# #........##
##


You could see 2 gnolls.

Vanquished Creatures
  A gnoll (D:2)
  An adder (D:2)
  A dart slug (D:1)
  10 endoplasms
  3 kobolds
  4 quokkas
  5 ball pythons
  2 bats (D:2)
  3 frilled lizards (D:1)
  3 goblins
  4 rats
37 creatures vanquished.

Notes
Turn   | Place    | Note
-------+----------+-------------------------------------------
     0 | D:1      | BigPumpCobain the Merfolk Shapeshifter began the quest for
                  | the Orb.
     0 | D:1      | Reached XP level 1. HP: 15/15 MP: 1/1
    86 | D:1      | Reached XP level 2. HP: 20/21 MP: 2/2
   195 | D:1      | Found The Oracle's Delphic Readings.
   783 | D:2      | Reached XP level 3. HP: 26/26 MP: 3/3
  1493 | D:2      | Slain by a gnoll

Illustrated notes

Levels and vault maps discovered:
D:1:      scummos_arrival_checkerplants, layout_basic,
          chequers_serial_rivers_marsh, nicolae_nh_oracle_at_delphi
D:2:      layout_loops_corners, minmay_small_reverse_x

Skill      XL: |  1  2  3 |
---------------+----------+-----
Dodging        | 3 |  3.3
Fighting       | 2 |  2.0
Unarmed Combat | |  3.7
Shapeshifting  | |  4.8

Action                     || total
---------------------------++-------
  Melee: Unarmed           ||    99
         Punch             ||     1
  Throw: Throwing net      ||     1
   Stab: Sleeping          ||     3
 Armour: Animal skin       ||    36
  Dodge: Dodged            ||    72

Table legend: (Time is in decaauts)
 A = Elapsed time spent in this place.
 B = Non-inter-level travel time spent in this place.
 C = Inter-level travel time spent in this place.
 D = Time resting spent in this place.
 E = Time spent auto-exploring this place.
 F = Levels seen in this place.
 G = Mean time per level.
                   A        B        C        D        E       F      G
               +--------+--------+--------+--------+--------+-----+--------+
         Total |   1481 |   1461 |     20 |     28 |   1159 |   2 |  740.5 |
       Dungeon |   1481 |   1461 |     20 |     28 |   1159 |   2 |  740.5 |
               +--------+--------+--------+--------+--------+-----+--------+

Top non-repeatable levels by time:
     D:2: 745 daAuts
     D:1: 735 daAuts
